[ PARTIDA AOE2 · #490764479 ]
UnrankedIndostaníes vs Chinese
Equipo del jugador · VICT
Equipo rival · DERR
[ ANÁLISIS DE REPETICIÓN · EXTRAÍDO DE LA PARTIDA GRABADA ]
Feudal
9:17
Castillos
20:50
Imperial
38:47
| APM promedio | 82.0 |
| APM pico | 149 |
| eAPM promedio | 32.8 |
| Aldeanos / militares | 218 / 339 |
Foco
⚔️ 40.4% · 🌾 59.6%
Scout Cavalry ×136 · Cavalry Archer ×71 · Skirmisher ×69 · Camel Scout ×43 · Bombard Cannon ×7 · Trebuchet (Packed) ×4
Feudal
9:01
Castillos
21:41
Imperial
37:59
| APM promedio | 38.2 |
| APM pico | 76 |
| eAPM promedio | 29.1 |
| Aldeanos / militares | 227 / 365 |
Foco
⚔️ 40.1% · 🌾 59.9%
Spearman ×115 · Skirmisher ×88 · Fire Lancer ×58 · Archer ×36 · Scout Cavalry ×18 · Trebuchet (Packed) ×17
Mapa de la partida
Recursos iniciales + cada clic de construcción. Líneas = muros · curvas = relieve. ◆ oro · ⬟ piedra · ● bayas · ✦ reliquia · ◌ hueco del cierre
Tu base· ✓ Cerrada en 20:50 · 42t muro · sin puerta
Base de Sportfan· ✓ Cerrada en 21:41 · 55t muro · sin puerta
Terreno inicial suavizado · ◌ = hueco del cierre detectado · pasá el cursor para detalles
Inputs por minuto
— FMG | Camilo - - Sportfan
Build order — FMG | Camilo
Primeras 150 de 711 acciones detectadas
| 0:00 | Encolar | Villager (Male) |
| 0:00 | Encolar | Villager (Male) |
| 0:01 | Encolar | Villager (Male) |
| 0:01 | Encolar | Villager (Male) |
| 0:02 | Construir | House |
| 0:03 | Construir | House |
| 1:09 | Encolar | Villager (Male) |
| 1:09 | Encolar | Villager (Male) |
| 1:30 | Encolar | Villager (Male) |
| 1:30 | Encolar | Villager (Male) |
| 2:02 | Encolar | Villager (Male) |
| 2:02 | Encolar | Villager (Male) |
| 2:13 | Construir | House |
| 2:28 | Encolar | Villager (Male) |
| 2:28 | Encolar | Villager (Male) |
| 3:06 | Construir | Lumber Camp |
| 3:17 | Encolar | Villager (Male) |
| 3:41 | Encolar | Villager (Male) |
| 4:01 | Encolar | Villager (Male) |
| 4:28 | Encolar | Villager (Male) |
| 5:00 | Encolar | Villager (Male) |
| 5:18 | Encolar | Villager (Male) |
| 5:24 | Construir | Mill |
| 5:47 | Encolar | Villager (Male) |
| 6:07 | Encolar | Villager (Male) |
| 6:21 | Investigar | Loom |
| 6:50 | Investigar | Feudal Age |
| 7:48 | Construir | Barracks |
| 8:22 | Construir | House |
| 8:42 | Encolar | Villager (Male) |
| 9:17 | Edad | Edad Feudal |
| 9:21 | Construir | Stable |
| 9:23 | Investigar | Double-Bit Axe |
| 9:23 | Investigar | Double-Bit Axe |
| 9:27 | Encolar | Villager (Male) |
| 9:58 | Encolar | Villager (Male) |
| 10:03 | Encolar | Scout Cavalry |
| 10:16 | Construir | House |
| 10:20 | Encolar | Villager (Male) |
| 10:24 | Construir | Farm |
| 10:26 | Construir | Farm |
| 10:30 | Encolar | Villager (Male) |
| 10:34 | Investigar | Horse Collar |
| 10:39 | Encolar | Scout Cavalry |
| 10:44 | Construir | Palisade Wall |
| 10:50 | Encolar | Spearman |
| 11:14 | Encolar | Villager (Male) |
| 11:16 | Construir | Farm |
| 11:19 | Construir | House |
| 11:25 | Encolar | Scout Cavalry |
| 11:42 | Encolar | Villager (Male) |
| 11:45 | Construir | Farm |
| 11:48 | Construir | Farm |
| 11:51 | Encolar | Scout Cavalry |
| 11:57 | Construir | Farm |
| 12:03 | Construir | Palisade Wall |
| 12:05 | Encolar | Villager (Male) |
| 12:15 | Construir | House |
| 12:16 | Encolar | Spearman |
| 12:20 | Construir | Farm |
| 12:23 | Encolar | Villager (Male) |
| 12:50 | Encolar | Villager (Male) |
| 12:51 | Encolar | Scout Cavalry |
| 12:51 | Encolar | Villager (Male) |
| 12:53 | Construir | Palisade Wall |
| 12:57 | Construir | Farm |
| 13:20 | Encolar | Scout Cavalry |
| 13:33 | Encolar | Villager (Male) |
| 13:34 | Construir | Farm |
| 13:36 | Construir | Palisade Wall |
| 13:37 | Construir | Palisade Wall |
| 13:40 | Encolar | Villager (Male) |
| 13:43 | Construir | Palisade Wall |
| 13:47 | Encolar | Scout Cavalry |
| 13:55 | Construir | Farm |
| 13:58 | Construir | Farm |
| 13:59 | Construir | Farm |
| 14:16 | Encolar | Villager (Male) |
| 14:34 | Encolar | Villager (Male) |
| 14:35 | Encolar | Scout Cavalry |
| 14:45 | Construir | House |
| 14:49 | Construir | Farm |
| 15:00 | Encolar | Villager (Male) |
| 15:02 | Construir | Lumber Camp |
| 15:14 | Construir | Palisade Wall |
| 15:19 | Construir | Mining Camp |
| 15:25 | Encolar | Scout Cavalry |
| 15:29 | Construir | House |
| 15:49 | Encolar | Villager (Male) |
| 15:59 | Construir | Farm |
| 16:25 | Encolar | Villager (Male) |
| 16:43 | Encolar | Villager (Male) |
| 16:46 | Construir | Farm |
| 16:49 | Construir | Market |
| 16:58 | Construir | Market |
| 17:10 | Construir | Farm |
| 17:13 | Construir | Farm |
| 17:13 | Encolar | Villager (Male) |
| 17:19 | Construir | House |
| 17:33 | Encolar | Villager (Male) |
| 17:53 | Construir | Farm |
| 17:54 | Construir | Farm |
| 18:10 | Investigar | Castle Age |
| 18:11 | Investigar | Castle Age |
| 18:45 | Construir | Archery Range |
| 19:28 | Construir | Blacksmith |
| 19:39 | Investigar | Gold Mining |
| 19:52 | Construir | Archery Range |
| 20:16 | Investigar | Fletching |
| 20:50 | Edad | Edad de los Castillos |
| 20:53 | Encolar | Cavalry Archer |
| 20:53 | Encolar | Cavalry Archer |
| 20:54 | Encolar | Villager (Male) |
| 20:56 | Investigar | Bow Saw |
| 20:57 | Investigar | Bow Saw |
| 20:59 | Investigar | Bodkin Arrow |
| 21:02 | Investigar | Bloodlines |
| 21:06 | Construir | House |
| 21:12 | Encolar | Villager (Male) |
| 21:21 | Encolar | Spearman |
| 21:28 | Construir | Palisade Wall |
| 21:31 | Encolar | Villager (Male) |
| 21:37 | Encolar | Skirmisher |
| 21:37 | Encolar | Skirmisher |
| 21:40 | Encolar | Cavalry Archer |
| 21:40 | Encolar | Cavalry Archer |
| 21:56 | Encolar | Villager (Male) |
| 21:59 | Construir | House |
| 22:00 | Encolar | Villager (Male) |
| 22:02 | Encolar | Cavalry Archer |
| 22:03 | Encolar | Cavalry Archer |
| 22:16 | Encolar | Cavalry Archer |
| 22:20 | Construir | University |
| 22:30 | Encolar | Cavalry Archer |
| 22:30 | Encolar | Cavalry Archer |
| 22:31 | Encolar | Villager (Male) |
| 22:37 | Encolar | Villager (Male) |
| 22:38 | Construir | Palisade Wall |
| 22:48 | Encolar | Cavalry Archer |
| 22:48 | Encolar | Cavalry Archer |
| 22:49 | Encolar | Villager (Male) |
| 23:12 | Construir | Town Center |
| 23:24 | Encolar | Villager (Male) |
| 23:29 | Construir | Lumber Camp |
| 23:39 | Investigar | Ballistics |
| 23:39 | Investigar | Ballistics |
| 23:39 | Investigar | Ballistics |
| 23:43 | Encolar | Villager (Male) |
| 23:47 | Encolar | Cavalry Archer |
| 23:47 | Encolar | Cavalry Archer |
Build order — Sportfan
Primeras 150 de 698 acciones detectadas
| 0:01 | Investigar | Loom |
| 0:47 | Encolar | Villager (Male) |
| 0:47 | Encolar | Villager (Male) |
| 1:17 | Encolar | Villager (Male) |
| 1:42 | Encolar | Villager (Male) |
| 1:42 | Encolar | Villager (Male) |
| 2:02 | Encolar | Villager (Male) |
| 2:02 | Encolar | Villager (Male) |
| 2:31 | Encolar | Villager (Male) |
| 2:58 | Encolar | Villager (Male) |
| 2:59 | Encolar | Villager (Male) |
| 2:59 | Encolar | Villager (Male) |
| 3:04 | Construir | Lumber Camp |
| 3:21 | Encolar | Villager (Male) |
| 3:21 | Encolar | Villager (Male) |
| 3:27 | Construir | House |
| 3:34 | Encolar | Villager (Male) |
| 3:34 | Encolar | Villager (Male) |
| 3:57 | Encolar | Villager (Male) |
| 4:04 | Construir | House |
| 4:35 | Encolar | Villager (Male) |
| 4:36 | Encolar | Villager (Male) |
| 5:15 | Construir | Mill |
| 5:17 | Encolar | Villager (Male) |
| 5:20 | Encolar | Villager (Male) |
| 6:24 | Encolar | Villager (Male) |
| 6:51 | Investigar | Feudal Age |
| 6:51 | Investigar | Feudal Age |
| 6:54 | Construir | Lumber Camp |
| 7:14 | Construir | House |
| 7:15 | Construir | Palisade Wall |
| 7:16 | Construir | Palisade Wall |
| 7:43 | Encolar | Villager (Male) |
| 8:11 | Construir | Barracks |
| 9:01 | Edad | Edad Feudal |
| 9:12 | Construir | Stable |
| 9:14 | Construir | Palisade Wall |
| 9:15 | Encolar | Spearman |
| 9:16 | Investigar | Double-Bit Axe |
| 9:20 | Encolar | Villager (Male) |
| 9:30 | Investigar | Horse Collar |
| 9:50 | Construir | Farm |
| 9:53 | Encolar | Villager (Male) |
| 10:09 | Construir | Palisade Wall |
| 10:18 | Construir | Farm |
| 10:20 | Encolar | Villager (Male) |
| 10:28 | Construir | Farm |
| 10:28 | Construir | Farm |
| 10:36 | Construir | Palisade Wall |
| 10:42 | Encolar | Villager (Male) |
| 10:46 | Encolar | Spearman |
| 10:46 | Encolar | Spearman |
| 11:15 | Construir | Farm |
| 11:16 | Encolar | Villager (Male) |
| 11:21 | Encolar | Villager (Male) |
| 11:23 | Encolar | Spearman |
| 11:27 | Construir | Farm |
| 11:27 | Construir | Farm |
| 11:34 | Construir | House |
| 11:45 | Encolar | Villager (Male) |
| 11:48 | Construir | Farm |
| 12:00 | Construir | Palisade Wall |
| 12:08 | Encolar | Villager (Male) |
| 12:10 | Encolar | Spearman |
| 12:17 | Construir | House |
| 12:19 | Construir | Palisade Wall |
| 12:24 | Construir | Palisade Wall |
| 12:30 | Encolar | Villager (Male) |
| 12:52 | Encolar | Spearman |
| 12:52 | Encolar | Villager (Male) |
| 12:58 | Construir | Farm |
| 13:13 | Encolar | Villager (Male) |
| 13:21 | Encolar | Villager (Male) |
| 13:32 | Encolar | Villager (Male) |
| 13:41 | Construir | Farm |
| 13:42 | Construir | Farm |
| 13:43 | Construir | Farm |
| 13:49 | Construir | House |
| 13:52 | Investigar | Wheelbarrow |
| 13:58 | Construir | Mining Camp |
| 14:08 | Encolar | Villager (Male) |
| 14:23 | Encolar | Villager (Male) |
| 14:32 | Construir | Palisade Wall |
| 14:38 | Encolar | Villager (Male) |
| 14:48 | Construir | Palisade Wall |
| 14:51 | Encolar | Scout Cavalry |
| 14:51 | Encolar | Scout Cavalry |
| 14:51 | Encolar | Scout Cavalry |
| 15:03 | Encolar | Villager (Male) |
| 15:12 | Encolar | Villager (Male) |
| 15:33 | Construir | Blacksmith |
| 15:33 | Encolar | Spearman |
| 15:36 | Encolar | Scout Cavalry |
| 15:36 | Encolar | Scout Cavalry |
| 15:43 | Encolar | Villager (Male) |
| 15:47 | Construir | House |
| 15:48 | Construir | Palisade Wall |
| 15:55 | Encolar | Villager (Male) |
| 15:58 | Construir | Farm |
| 16:04 | Construir | Farm |
| 16:13 | Construir | House |
| 16:36 | Encolar | Villager (Male) |
| 16:37 | Encolar | Villager (Male) |
| 16:40 | Construir | Palisade Wall |
| 16:47 | Encolar | Villager (Male) |
| 16:48 | Encolar | Scout Cavalry |
| 16:48 | Encolar | Scout Cavalry |
| 17:08 | Construir | Farm |
| 17:08 | Construir | Farm |
| 17:09 | Construir | Farm |
| 17:09 | Construir | Farm |
| 17:17 | Encolar | Villager (Male) |
| 17:39 | Encolar | Villager (Male) |
| 18:05 | Construir | Market |
| 18:23 | Encolar | Villager (Male) |
| 19:01 | Investigar | Castle Age |
| 19:28 | Construir | Farm |
| 19:42 | Construir | Palisade Wall |
| 19:44 | Investigar | Gold Mining |
| 20:21 | Investigar | Forging |
| 20:45 | Encolar | Villager (Male) |
| 21:24 | Construir | House |
| 21:41 | Edad | Edad de los Castillos |
| 21:43 | Construir | Town Center |
| 21:44 | Investigar | Bow Saw |
| 21:45 | Investigar | Heavy Plow |
| 21:45 | Investigar | Heavy Plow |
| 21:46 | Investigar | Gold Shaft Mining |
| 21:46 | Investigar | Gold Shaft Mining |
| 21:48 | Encolar | Fire Lancer |
| 21:56 | Construir | Archery Range |
| 21:59 | Construir | Archery Range |
| 22:00 | Investigar | Fletching |
| 22:01 | Investigar | Fletching |
| 22:02 | Encolar | Villager (Male) |
| 22:06 | Encolar | Knight |
| 22:06 | Encolar | Knight |
| 22:12 | Encolar | Villager (Male) |
| 22:18 | Construir | University |
| 22:34 | Encolar | Knight |
| 22:36 | Investigar | Bodkin Arrow |
| 22:36 | Investigar | Bodkin Arrow |
| 22:37 | Encolar | Villager (Male) |
| 22:37 | Encolar | Villager (Male) |
| 22:55 | Investigar | Elite Skirmisher (upgrade) |
| 22:56 | Encolar | Skirmisher |
| 22:56 | Encolar | Skirmisher |
| 23:00 | Encolar | Villager (Male) |
| 23:00 | Encolar | Villager (Male) |
| 23:11 | Encolar | Villager (Male) |
Cronología de la partida
| 7:15 | Sportfan · wall_segment Palisade Wall x2 |
| 7:16 | Sportfan · wall_segment Palisade Wall x1 |
| 7:48 | FMG | Camilo · first_building Barracks |
| 8:11 | Sportfan · first_building Barracks |
| 9:01 | Sportfan · age_up feudal |
| 9:12 | Sportfan · first_building Stable |
| 9:14 | Sportfan · wall_segment Palisade Wall x5 |
| 9:17 | FMG | Camilo · age_up feudal |
| 9:21 | FMG | Camilo · first_building Stable |
| 10:09 | Sportfan · wall_segment Palisade Wall x5 |
| 10:36 | Sportfan · wall_segment Palisade Wall x22 |
| 10:44 | FMG | Camilo · wall_segment Palisade Wall x1 |
| 12:00 | Sportfan · wall_segment Palisade Wall x1 |
| 12:03 | FMG | Camilo · wall_segment Palisade Wall x7 |
| 12:19 | Sportfan · wall_segment Palisade Wall x5 |
| 12:24 | Sportfan · wall_segment Palisade Wall x7 |
| 12:53 | FMG | Camilo · wall_segment Palisade Wall x5 |
| 13:36 | FMG | Camilo · wall_segment Palisade Wall x4 |
| 13:37 | FMG | Camilo · wall_segment Palisade Wall x7 |
| 13:43 | FMG | Camilo · wall_segment Palisade Wall x9 |
| 14:32 | Sportfan · wall_segment Palisade Wall x1 |
| 14:48 | Sportfan · wall_segment Palisade Wall x1 |
| 15:14 | FMG | Camilo · wall_segment Palisade Wall x10 |
| 15:48 | Sportfan · wall_segment Palisade Wall x4 |
| 16:40 | Sportfan · wall_segment Palisade Wall x4 |
| 18:05 | FMG | Camilo · first_market_sell 100 wood |
| 18:05 | FMG | Camilo · first_market_buy 100 food |
| 18:45 | FMG | Camilo · first_building Archery Range |
| 19:42 | Sportfan · wall_segment Palisade Wall x1 |
| 20:50 | FMG | Camilo · age_up castle |
| 21:28 | FMG | Camilo · wall_segment Palisade Wall x1 |
| 21:41 | Sportfan · age_up castle |
| 21:56 | Sportfan · first_building Archery Range |
| 22:38 | FMG | Camilo · wall_segment Palisade Wall x1 |
| 22:53 | Sportfan · first_market_buy 100 wood |
| 28:31 | Sportfan · first_building Monastery |
| 29:01 | FMG | Camilo · first_building Siege Workshop |
| 31:53 | Sportfan · first_building Siege Workshop |
| 34:00 | Sportfan · first_building Castle |
| 34:37 | Sportfan · first_market_sell 100 food |
| 35:21 | FMG | Camilo · first_building Monastery |
| 37:59 | Sportfan · age_up imperial |
| 38:47 | FMG | Camilo · age_up imperial |
| 39:11 | FMG | Camilo · first_building Castle |
| 47:18 | Sportfan · wall_segment Palisade Wall x1 |
| 47:23 | Sportfan · wall_segment Palisade Wall x1 |
| 55:52 | Sportfan · resign |
[ ANÁLISIS IA · 1 CRÉDITO ]
¿Qué pasó realmente en esta partida?
Wolo.gg analiza cada decisión: build order, eco, micro, errores típicos por bracket. Análisis personalizado por WhatsApp o Discord en 30 segundos.
Guía civ
Indostaníes
Perfil
Jugador #1780624